 Dungeon Crawl Stone Soup version 0.31-a0-960-g0fca184906 (webtiles) character file.

Game seed: 13049557280855511744

186 Xavori the Slasher (level 5, -6/41 HPs)
             Began as a Djinni Chaos Knight on Oct 23, 2023.
             Was a Plaything of Xom.
             Killed by divine providence
             ... invoked by an orc priest
              (12 damage)
             ... on level 4 of the Dungeon.
             The game lasted 00:03:35 (2935 turns).

Xavori the Slasher (Djinni Chaos Knight)            Turns: 2935, Time: 00:03:35

Health: -6/41      AC:  8    Str: 10    XL:     5   Next: 97%
Gold:   113        EV: 13    Int: 17    God:    Xom [....*.] SH:  0 Dex: 20

rFire   + + .        a - +0 falchion (chaos)
rCold   x . .        (no shield)
rNeg    . . .        b - +2 leather armour
rPois   ∞            p - +0 helmet
rElec   .            (no cloak)
rCorr   .            (no gloves)
SInv    .            (boots unavailable)
Will    .....        (no amulet)
Stlth   +            e - +6 ring of dexterity
HPRegen 0.26/turn    (no ring)
MPRegen 0.00/turn

%: infuse magic (-7 HP)
@: flying
A: sickness immunity, fire resistance 2, cold vulnerability 1, float, innate
caster, HP casting, extra vitality 1, iridescent scales 1, clever 1, wild magic
1
a: Renounce Religion


You were on level 4 of the Dungeon.
You worshipped Xom.
You were a beloved toy of Xom.
You visited 1 branch of the dungeon, and saw 4 of its levels.

You collected 113 gold pieces.

Inventory:

Hand Weapons
 a - a +0 falchion of chaos (weapon)
Missiles
 o - a throwing net
Armour
 b - a +2 leather armour (worn)
 p - a +0 helmet (worn)
Jewellery
 e - a +6 ring of dexterity (left hand)
 h - the ring "Idde Ife" {*Slow rPois rF+ Will+}
   (Xom gifted it to you on level 1 of the Dungeon)

   [ring of willpower]

   rF+:       It protects you from fire.
   rPois:     It protects you from poison Will+: It increases your willpower.
   *Slow:     It may slow you when you take damage.
Scrolls
 c - a scroll of butterflies
 d - 2 scrolls of identify
 j - a scroll of teleportation
 m - a scroll of immolation
 n - a scroll of fog
Potions
 f - a potion of ambrosia {unknown}
 g - 2 potions of mutation {unknown}
 i - a potion of haste {unknown}
 k - a potion of might {unknown}
 l - 2 potions of degeneration {unknown}
 q - 2 potions of invisibility {unknown}
 r - a potion of heal wounds {unknown}


   Skills:
 + Level 3.8 Fighting
 * Level 4.0 Long Blades
 + Level 2.4 Armour
 + Level 3.4 Dodging


You knew the following spells:

 Your Spells              Type           Power      Damage    Failure   Level
a - Kiss of Death         Conj/Necr      0%         2d5       38%         1
b - Lesser Beckoning      Tloc           0%         N/A       52%         2
Your spell library was empty.

Dungeon Overview and Level Annotations

Branches:
Dungeon (4/15)
 Temple: D:4-7

Altars:


Innate Abilities, Weirdness & Mutations

You are immune to sickness and miasma.
You are immune to poison.
Your flesh is very heat resistant. (rF++)
You are vulnerable to cold. (rC-)
You float through the air rather than walking.
You learn spells naturally, not from books.
Your magical power is your life essence.
You have superior vitality. (+4 MHP)
You are partially covered in iridescent scales. (AC +2)
Your mind is acute. (Int +4, Str/Dex -1)
Your spells are a little harder to cast, but a little more powerful.


Message History

You swap places.
A ball python comes into view.
The orc hits you from afar with a +0 trident.
The orc misses you.
Items here: )) [ †.
You hit the orc. You freeze the orc.
The orc is heavily wounded.
The orc hits you but does no damage.
You hit the orc.
The orc seems to speed up.
The orc is almost dead.
The orc barely misses you. The orc hits you with a +0 trident.
You barely miss the orc.
The orc is severely wounded.
The orc hits you with a +0 trident. The orc closely misses you.
You hit the orc. You freeze the orc.
You kill the orc!
The orc priest mumbles some strange prayers to Beogh against you.
Beogh smites you!
The orc priest miscasts a cantrip.
The ball python closely misses you. x2
You closely miss the ball python. The ball python closely misses you.
The ball python grabs you. The ball python constricts you.
You closely miss the ball python. The ball python barely misses you.
The ball python constricts you.
You hit the ball python.
The ball python suddenly seems more agile.
The ball python is heavily wounded.
The ball python bites you. The ball python constricts you.
The ball python bites you. The ball python constricts you.
You miss the ball python.
The ball python is heavily wounded.
The ball python bites you but does no damage.
The ball python constricts you.
The orc priest invokes the aid of Beogh against you.
Beogh smites you!
* * * LOW HITPOINT WARNING * * *
You escape the ball python's grasp.
The orc priest calls down the wrath of Beogh upon you.
Beogh smites you!
You die...

#.......# #### ....
###.......# #...# ...##
##.........# #...###.....
...........###.........##
............##...........
.................o.......
##########..#####S# #.##
###5# ######.####.@.#
#...........###
#...)...##### .........#
##........ #.......##
#########


You could see an orc priest, a ball python (agile, ally target) and a friendly
iron imp (summoned).

Vanquished Creatures
  A sleepcap (D:3)
  An orc wizard (D:3)
  Robin (D:3)
  3 adders
  4 orcs
  2 bats (D:3)
  3 endoplasms
  3 giant cockroaches
  10 goblins
  5 hobgoblins
  3 quokkas (D:1)
  7 ball pythons
  7 frilled lizards
  3 kobolds
  4 rats
57 creatures vanquished.

Vanquished Creatures (collateral kills)
  An orc priest (D:4)
  An orc (D:4)
  A ball python (D:1)
3 creatures vanquished.

Grand Total: 60 creatures vanquished

Notes
Turn   | Place    | Note
-------+----------+-------------------------------------------
     0 | D:1      | Xavori the Djinni Chaos Knight began the quest for the Orb.
     0 | D:1      | Reached XP level 1. HP: 20/20 MP: 0/0
    13 | D:1      | XOM: silly message
   249 | D:1      | XOM: silly message
   303 | D:1      | XOM: cast spell 'Summon Cactus Giant'
   306 | D:1      | Reached XP level 2. HP: 24/25 MP: 0/0
   394 | D:1      | XOM is BORED!
   394 | D:1      | XOM: summons 3 hostile shadow creatures
   519 | D:1      | XOM: cloud trail
  1391 | D:1      | XOM: noise
  1412 | D:1      | XOM: give mutations
  1412 | D:1      | Gained mutation: Your mind is acute. (Int +4, Str/Dex -1)
                  | [Xom's grace]
  1412 | D:1      | Gained mutation: You are partially covered in iridescent
                  | scales. (AC +2) [Xom's grace]
  1412 | D:1      | Gained mutation: Your spells are a little harder to cast,
                  | but a little more powerful. [Xom's grace]
  1590 | D:1      | Identified the ring "Idde Ife" {*Slow rPois rF+ Will+} (Xom
                  | gifted it to you on level 1 of the Dungeon)
  1590 | D:1      | XOM: god gift: ring "Idde Ife" {*Slow rPois rF+ Will+}
  1613 | D:2      | XOM: give mutation
  1660 | D:2      | Reached skill level 3 in Long Blades
  1679 | D:2      | Reached XP level 3. HP: 23/30 MP: 0/0
  1679 | D:2      | Learned a level 1 spell: Kiss of Death
  1773 | D:2      | XOM: scenery: 2 doors close
  1904 | D:2      | XOM: 2-stop teleportation journey
  2105 | D:3      | Reached XP level 4. HP: 21/35 MP: 0/0
  2229 | D:3      | Found a faded altar of an unknown god.
  2294 | D:3      | Noticed Robin
  2338 | D:3      | Killed Robin
  2339 | D:3      | Reached XP level 5. HP: 22/40 MP: 0/0
  2339 | D:3      | Learned a level 2 spell: Lesser Beckoning
  2649 | D:3      | Identified the +2 whip "Xicifig" {protect, rPois rC+ rCorr
                  | Str+4}
  2769 | D:3      | XOM: summons 3 hostile demons
  2905 | D:4      | XOM: summons friendly iron imp
  2925 | D:4      | Reached skill level 4 in Long Blades
  2935 | D:4      | Killed from afar by an orc priest

Illustrated notes

Levels and vault maps discovered:
D:1:      dpeg_arrival_arbitrary_a, layout_rooms
D:2:      layout_basic
D:3:      layout_rooms, chequers_ecumenical_altar_island, hellmonk_no_cap,
          uniq_robin
D:4:      layout_rooms, kennysheep_little_box, mainiacjoe_overflow_boulevard,
          minmay_temple_entry_ruins, minmay_misc_feat_chi

Skill      XL: |  1  2  3  4  5 |
---------------+----------------+-----
Long Blades    | 3 4 |  4.0
Armour         | 2 |  2.4
Dodging        | 3 |  3.4
Fighting       | |  3.8

Action                     |  1- 3 |  4- 6 || total
---------------------------+-------+-------++-------
  Melee: Falchion          |   125 |    83 ||   208
         Punch             |     1 |       ||     1
    Use: Scroll            |       |     3 ||     3
   Stab: Sleeping          |     1 |       ||     1
         Paralysed         |       |     2 ||     2
         Petrifying        |       |     1 ||     1
 Armour: Leather armour    |    85 |    68 ||   153
  Dodge: Dodged            |   102 |    83 ||   185

Table legend: (Time is in decaauts)
 A = Elapsed time spent in this place.
 B = Non-inter-level travel time spent in this place.
 C = Inter-level travel time spent in this place.
 D = Time resting spent in this place.
 E = Time spent auto-exploring this place.
 F = Levels seen in this place.
 G = Mean time per level.
                   A        B        C        D        E       F      G
               +--------+--------+--------+--------+--------+-----+--------+
         Total |   2964 |   2885 |     79 |   1059 |   1309 |   4 |  741.0 |
       Dungeon |   2964 |   2885 |     79 |   1059 |   1309 |   4 |  741.0 |
               +--------+--------+--------+--------+--------+-----+--------+

Top non-repeatable levels by time:
     D:1: 1604 daAuts
     D:3: 706 daAuts
     D:2: 490 daAuts
     D:4: 163 daAuts
